 Dungeon Crawl Stone Soup version 0.19-a0-1111-gcceb26a (webtiles) character file.

119 Ijustatesigmund the Skirmisher (level 4, -2/37 HPs)
             Began as a Demonspawn Fighter on Aug 11, 2016.
             Slain by Sigmund
             ... wielding a +0 scythe
              (7 damage)
             ... on level 3 of the Dungeon.
             The game lasted 00:06:15 (2317 turns).

Ijustatesigmund the Skirmisher (Demonspawn Fighter) Turns: 2317, Time: 00:06:15

Health: -2/37      AC:  7    Str: 18    XL:     4   Next: 73%
Magic:  4/4        EV:  7    Int: 12    God:
Gold:   178        SH:  9    Dex: 13    Spells: 0 memorised, 3 levels left

rFire  . . .     SeeInvis .     a - +0 flail
rCold  + . .     Gourm    .     b - +0 scale mail
rNeg   . . .     Faith    .     c - +0 shield
rPois  .         Spirit   .     i - +0 hat
rElec  .         Dismiss  .     (no cloak)
rCorr  .         Reflect  .     d - +0 pair of gloves
SustAt .         Harm     .     (no boots)
MR     .....                    (no amulet)
Stlth  ..........               (no ring)
                                j - ring of protection from cold

@:
A: antennae 1, claws 1, clever 1, powered by pain 2, strong 1
a: no special abilities


You were on level 3 of the Dungeon.
You were not hungry.

You visited 1 branch of the dungeon, and saw 3 of its levels.

You collected 178 gold pieces.

Inventory:

Hand Weapons
 a - a +0 flail (weapon)
Armour
 b - a +0 scale mail (worn)
 c - a +0 shield (worn)
 d - a +0 pair of gloves (worn)
 i - a +0 hat (worn)
Jewellery
 j - a ring of protection from cold (left hand)
Scrolls
 e - 3 scrolls of identify
 g - 2 scrolls of teleportation
 l - a scroll of amnesia
 m - a scroll of remove curse
Comestibles
 f - 7 bread rations
 h - a beef jerky


   Skills:
 + Level 3.7 Fighting
 * Level 3.7 Maces & Flails
 - Level 2.6 Armour
 + Level 1.2 Dodging
 - Level 2.6 Shields


You had 3 spell levels left.
You didn't know any spells.

Dungeon Overview and Level Annotations

Branches:
Dungeon (3/15)

Altars:

Annotations:
D:3 Sigmund


Innate Abilities, Weirdness & Mutations

You have sharp fingernails.
You sometimes gain power by taking damage.
You have a pair of small antennae on your head.
Your mind is acute. (Int +2)
Your muscles are strong. (Str +2)


Message History

You closely miss Sigmund.
Sigmund is heavily wounded.
You sock Sigmund!
Sigmund is severely wounded.
Sigmund gestures at you while chanting. You resist with some effort.
Sigmund casts a spell.
Sigmund flickers and vanishes!
Deactivating autopickup; reactivate with Ctrl-A.
You barely miss something. You block something's attack.
You hit something but do no damage.
You hear some strange, mumbled words.
Something tries to affect you, but you resist.
You hit something but do no damage.
You hear some strange, mumbled words.
A puff of flame appears from out of thin air!
The puff of flame hits you!
* * * LOW HITPOINT WARNING * * *
You closely miss something. Something hits you!
You die...

#.....................###
#.....................#
#....................†###
#........................
#......................##
#...............#..†...##
#............#+#.##
#.#####{....##.......#.##
#.....†.@....#.......#.##
#######......#....>..#.##
#......#.......#.##
##<.....#.......# #
#...............#.##
#...............#...
#...............#...
#............##.#... ..
#............# .#...


There were no monsters in sight!

Vanquished Creatures
  Robin (D:3)
  3 adders
  2 oozes
  3 dart slugs
  A giant gecko (D:2)
  5 orcs
  4 bats
  3 giant cockroaches
  13 goblins
  7 hobgoblins
  2 jackals (D:3)
  3 kobolds
  3 quokkas
  A giant newt (D:2)
  7 rats
58 creatures vanquished.

Notes
Turn   | Place    | Note
-------+----------+-------------------------------------------
     0 | D:1      | Ijustatesigmund the Demonspawn Fighter began the quest for the Orb.
     0 | D:1      | Reached XP level 1. HP: 18/18 MP: 1/1
   209 | D:1      | Gained mutation: You sometimes gain a little power by taking damage. [demonic ancestry]
   209 | D:1      | Reached XP level 2. HP: 24/24 MP: 2/2
   665 | D:2      | Gained mutation: You have sharp fingernails. [demonic ancestry]
   665 | D:2      | Reached XP level 3. HP: 22/29 MP: 3/3
   969 | D:2      | Gained mutation: You have a pair of small antennae on your head. [potion of mutation]
   969 | D:2      | Gained mutation: Your mind is acute. (Int +2) [potion of mutation]
   969 | D:2      | Gained mutation: Your muscles are strong. (Str +2) [potion of mutation]
  1291 | D:2      | Reached skill level 1 in Dodging
  1528 | D:2      | Gained mutation: You sometimes gain power by taking damage. [demonic ancestry]
  1528 | D:2      | Reached XP level 4. HP: 11/35 MP: 4/4
  1985 | D:3      | Noticed Robin
  1994 | D:3      | Killed Robin
  2284 | D:3      | Noticed Sigmund
  2317 | D:3      | Slain by Sigmund

Vault maps used:
D:1:      roderic_dead_forest
D:2:      minmay_pentomino_r2
D:3:      first_bread, uniq_robin, uniq_sigmund

Skill      XL: |  1  2  3 |
---------------+----------+-----
Maces & Flails | 2 3 |  3.7
Dodging        | 1 |  1.2
Fighting       | |  3.7
Armour         | |  2.6
Shields        | |  2.6

Action                   |  1- 3 |  4- 6 || total
-------------------------+-------+-------++-------
Melee: Flail             |   121 |    78 ||   199
  Use: Potion            |     4 |     2 ||     6
       Scroll            |     6 |     1 ||     7
  Eat: Chunk             |     1 |     4 ||     5
Armor: Scale mail        |    80 |    28 ||   108
Dodge: Dodged            |    43 |    20 ||    63
Block: Shield            |    68 |    49 ||   117
